 Dungeon Crawl Stone Soup version 0.30.0 (webtiles) character file.

Game seed: 664197748460469124

69 Dani the Chopper (level 4, 35/35 HPs)
             Began as a Demonspawn Fighter on May 20, 2023.
             Quit the game on level 2 of the Dungeon.
             The game lasted 00:01:31 (1079 turns).

Dani the Chopper (Demonspawn Fighter)               Turns: 1079, Time: 00:01:31

Health: 35/35      AC:  8    Str: 17    XL:     4   Next: 2%
Magic:  4/4        EV:  9    Int: 11    God:
Gold:   41         SH:  4    Dex: 12    Spells: 3/3 levels left

rFire   . . .        a - +0 war axe
rCold   . . .        c - +0 buckler
rNeg    . . .        b - +0 scale mail
rPois   .            (no helmet)
rElec   .            (no cloak)
rCorr   .            (no gloves)
SInv    .            (no boots)
Will    .....        (no amulet) Stlth
                     (no ring)
HPRegen 0.25/turn    (no ring)
MPRegen 0.09/turn

%: no passive effects
@: no status effects
A: thin metallic scales 1, demonic touch 1
a: no special abilities


You were on level 2 of the Dungeon.
You visited 1 branch of the dungeon, and saw 2 of its levels.

You collected 41 gold pieces.

Inventory:

Hand Weapons
 a - a +0 war axe (weapon)
Armour
 b - a +0 scale mail (worn)
 c - a +0 buckler (worn)
Jewellery
 g - a ring of resist corrosion
   (You found it on level 1 of the Dungeon)
 i - a ring of ice
   (You found it on level 1 of the Dungeon)
Potions
 d - 2 potions of might
 e - a potion of heal wounds {unknown}
 h - 2 potions of attraction {unknown}


   Skills:
 - Level 3.0 Fighting
 + Level 4.0 Axes
 - Level 2.6 Armour
 - Level 2.6 Shields


You had 3 spell levels left.
You didn't know any spells.
Your spell library contained the following spells:

 Spells                   Type           Power      Damage    Failure   Level
 Sandblast                Erth           0%         2d4       83%         1
 Passwall                 Tmut/Erth      0%         N/A       93%         2
 Stone Arrow              Conj/Erth      0%         3d7       99%         3


Dungeon Overview and Level Annotations

Branches:
Dungeon (2/15)

Altars:


Innate Abilities, Weirdness & Mutations

You are partially covered in thin metallic scales. (AC +2)
Your touch may inflict minor irresistible damage on your foes.


Message History

You closely miss the adder.
The adder is moderately wounded.
The adder bites you but does no damage. The adder bites you.
* * * LOW HITPOINT WARNING * * *
You hit the adder.
The adder is heavily wounded.
The adder barely misses you. x2
There are monsters nearby!
You closely miss the adder.
The adder is heavily wounded.
The adder barely misses you.
An adder is nearby!
You slash the adder!
You kill the adder!
A dart slug is nearby!
You slash the dart slug!
The dart slug is severely wounded.
The dart slug closely misses you.
A dart slug is nearby!
You slash the dart slug!
You kill the dart slug!
Key pressed, stopping explore.
No target in view!
Key pressed, stopping explore.
No target in view!
Key pressed, stopping explore.
Key pressed, stopping explore.
Key pressed, stopping explore.
Key pressed, stopping explore.
Key pressed, stopping explore.
Key pressed, stopping explore.
An endoplasm comes into view.
The endoplasm quivers.
An endoplasm is nearby!
An endoplasm is nearby!
An endoplasm is nearby!
An endoplasm is nearby!
A kobold comes into view. It is wielding a +0 dagger.
The kobold shouts!
The kobold throws a stone.
The stone hits you but does no damage.
Found a bubbling white potion.
The endoplasm closely misses you.
You slash the endoplasm!
You kill the endoplasm!
The kobold throws a stone.
The stone hits you but does no damage.
The kobold throws a stone.
The stone barely misses you.
You hit the kobold.
You kill the kobold!
No target in view!
No target in view!
No target in view!
No target in view!
No target in view!
No target in view!
No target in view!
No target in view!
No target in view!
No target in view!
No target in view!
No target in view!
No target in view!
No target in view!
No target in view!
No target in view!
No target in view!
No target in view!
No target in view!
No target in view!
h - 2 bubbling white potions (gained 1) Key pressed, stopping explore.
Key pressed, stopping explore.
Key pressed, stopping explore.
Key pressed, stopping explore.
A frilled lizard comes into view.
The frilled lizard hisses angrily.
A frilled lizard is nearby!
A frilled lizard is nearby!
A frilled lizard is nearby!
A frilled lizard is nearby!
A ball python comes into view.
The ball python hisses angrily.
You barely miss the frilled lizard.
The frilled lizard bites you but does no damage.
You slash the frilled lizard!
You kill the frilled lizard!
You have reached level 4!
You feel stronger.
Your demonic ancestry asserts itself...
Thin metallic scales grow over part of your body.
You see here a frilled lizard corpse.
You slash the ball python!
You kill the ball python!
Your Axes skill increases to level 4!
Found a stone staircase leading down.
No target in view!
Key pressed, stopping explore.
No target in view!
A goblin comes into view. It is wielding a +0 dagger.
The goblin shouts!
A kobold comes into view. It is wielding a +0 whip.
Are you sure you want to abandon this character and quit the game? (Confirm with "yes".)

#..# #K #..
.. #.. g# #
#.. .#.#
#.## .#.#
#.. ...
#.###.#.#$#
#...@.....#
#.###.......
#.# ##.#...
#.## .. .
#..# .#
#..######.#
#.........
#....>....
##..######


You could see a goblin and a kobold (wandering).

Vanquished Creatures
  An adder (D:2)
  A worm (D:2)
  4 dart slugs
  2 ball pythons
  2 bats (D:2)
  6 endoplasms
  4 giant cockroaches (D:1)
  2 goblins (D:1)
  4 hobgoblins (D:1)
  4 jackals (D:1)
  8 kobolds
  2 frilled lizards
  5 rats (D:1)
45 creatures vanquished.

Vanquished Creatures (others)
  A fungus (D:1)
1 creature vanquished.

Grand Total: 46 creatures vanquished

Notes
Turn   | Place    | Note
-------+----------+-------------------------------------------
     0 | D:1      | Dani the Demonspawn Fighter began the quest for the Orb.
     0 | D:1      | Reached XP level 1. HP: 18/18 MP: 1/1
     6 | D:1      | Reached skill level 2 in Axes
    59 | D:1      | Gained mutation: Your touch may inflict minor irresistible
                  | damage on your foes. [demonic ancestry]
    59 | D:1      | Reached XP level 2. HP: 24/24 MP: 2/2
   102 | D:1      | Reached skill level 3 in Axes
   214 | D:1      | Reached XP level 3. HP: 29/29 MP: 3/3
  1061 | D:2      | Gained mutation: You are partially covered in thin metallic
                  | scales. (AC +2) [demonic ancestry]
  1061 | D:2      | Reached XP level 4. HP: 35/35 MP: 4/4
  1063 | D:2      | Reached skill level 4 in Axes
  1079 | D:2      | Quit the game

Illustrated notes

Levels and vault maps discovered:
D:1:      dpeg_arrival_prison, layout_rooms, minmay_misc_feat_cross,
          minmay_heptomino_d4
D:2:      layout_loops_ring, basic_ecumenical_altar

Skill      XL: |  1  2  3  4 |
---------------+-------------+-----
Axes           | 2 3 4 |  4.0
Fighting       | |  3.0
Armour         | |  2.6
Shields        | |  2.6

Action                     |  1- 3 |  4- 6 || total
---------------------------+-------+-------++-------
  Melee: War axe           |   104 |     1 ||   105
    Use: Scroll            |     2 |       ||     2
 Armour: Scale mail        |    44 |       ||    44
  Dodge: Dodged            |    48 |       ||    48
  Block: Buckler           |    17 |       ||    17

Levels and vault maps discovered:
D:1:      dpeg_arrival_prison, layout_rooms, minmay_misc_feat_cross,
          minmay_heptomino_d4
D:2:      layout_loops_ring, basic_ecumenical_altar

Table legend: (Time is in decaauts)
 A = Elapsed time spent in this place.
 B = Non-inter-level travel time spent in this place.
 C = Inter-level travel time spent in this place.
 D = Time resting spent in this place.
 E = Time spent auto-exploring this place.
 F = Levels seen in this place.
 G = Mean time per level.
                   A        B        C        D        E       F      G
               +--------+--------+--------+--------+--------+-----+--------+
         Total |   1118 |   1104 |     14 |      0 |    854 |   2 |  559.0 |
       Dungeon |   1118 |   1104 |     14 |      0 |    854 |   2 |  559.0 |
               +--------+--------+--------+--------+--------+-----+--------+

Top non-repeatable levels by time:
     D:1: 710 daAuts
     D:2: 408 daAuts

Table legend:
 A = Kills in this place as a percentage of kills in the entire game.
 B = Kills by you in this place as a percentage of kills by you in the entire game.
 C = Kills by friends in this place as a percentage of kills by friends in the entire game.
 D = Other kills in this place as a percentage of other kills in the entire game.
 E = Experience gained in this place as a percentage of experience gained in the entire game.
 F = Experience gained in this place divided by the number of levels of this place that you have seen.
                   A       B       C       D       E      F
               +-------+-------+-------+-------+-------+----------------------
         Total | 100.0 | 100.0 |   N/A |   N/A | 100.0 |  49.5
       Dungeon | 100.0 | 100.0 |   N/A |   N/A | 100.0 |  49.5
               +-------+-------+-------+-------+-------+----------------------
